cohdb
Replays
Latest Replays
All Replays
Popular Replays
Top Player Replays
Match Explorer
How It Works
Community
CoH3 Stats
Reddit
Sign in to upload your games and track your stats! →
Sign in with Steam
Match 45465254
Unlisted
Match 45465254
Overview
Messages
Build Orders
End
Kettenkrad Recon Vehicle
Construct Infanterie Kompanie
Selects Terror Battlegroup
MG 42 Machine Gun Team
Selects Machine Gun Camouflage
MG 42 Machine Gun Team
Construct Panzergrenadier Kompanie
Pak 40 Anti-tank Gun Team
251 Medium Carrier
Selects Interrogate
Panzergrenadier Squad
Kettenkrad Recon Vehicle
Medical Bunker
Construct Panzer Kompanie
Pioneer Squad
Pioneer Squad
Panzer IV Medium Tank
Side Skirts
Selects No Quarter
Sturmpanzer IV Brummbär
Panzer Officer Quarters
[CoA] Deathkrieg
BaconXL
Urge to Merge
Guardian
Enterprise
lem22
MainAcrobat
Tharrats
0
0
Comments
sign in to comment!
No comments posted yet!